 Dungeon Crawl Stone Soup version 0.26-b1-32-g5d43845318 (webtiles) character file.

Game seed: 6422268835329104115

2677 Borgoz the Cudgeller (level 9, -1/78 HPs)
             Began as a Ghoul Gladiator on Jan 13, 2021.
             Slain by a killer bee (5 damage)
             ... on level 6 of the Dungeon.
             The game lasted 00:12:16 (8043 turns).

Borgoz the Cudgeller (Ghoul Gladiator)              Turns: 8043, Time: 00:12:17

Health: -1/78      AC: 14    Str: 17 (18) XL:     9   Next: 64%
Magic:  8/8        EV:  7    Int:  3      God:
Gold:   488        SH:  0    Dex: 11 (13) Spells: 8/8 levels left

rFire    . . .     SeeInvis .   a - +2 flail
rCold    + . .     Faith    .   (no shield)
rNeg     + + +     Spirit   .   e - +0 plate armour
rPois    ∞         Reflect  .   c - +1 helmet
rElec    .         Harm     .   (no cloak)
rCorr    .         Rampage  .   (no gloves)
Will     .....                  (no boots)
Stlth    ..........             p - amulet of regeneration
HPRegen  0.00/turn              j - ring of stealth
MPRegen  0.11/turn              (no ring)

@: no status effects
A: claws 1, cold resistance 1, negative energy resistance 3, inhibited
regeneration, torment resistance, unbreathing
a: no special abilities


You were on level 6 of the Dungeon.
You visited 1 branch of the dungeon, and saw 8 of its levels.
You also visited: Sewer.

You collected 488 gold pieces.

Inventory:

Hand Weapons
 a - a +2 flail (weapon)
Armour
 c - a +1 helmet (worn)
 e - a +0 plate armour (worn)
Jewellery
 j - a ring of stealth (left claw)
 p - an amulet of regeneration (around neck)
 s - an uncursed ring of flight
Wands
 g - a wand of acid (4)
 r - a wand of digging (6)
 t - a wand of flame (13)
 u - a wand of paralysis (14)
Scrolls
 b - 6 scrolls of remove curse
 d - a scroll of blinking
 h - 3 scrolls of teleportation
 n - 2 scrolls of identify
 o - 2 scrolls of enchant armour


   Skills:
 + Level 6.9 Fighting
 * Level 7.4 Maces & Flails
 - Level 1.7 Throwing
 + Level 5.2 Armour
 + Level 6.1 Dodging


You had 8 spell levels left.
You didn't know any spells.
Your spell library contained the following spells:

 Spells                   Type           Power        Failure   Level
 Foxfire                  Conj/Fire      0%           100%        1
 Conjure Flame            Conj/Fire      0%           100%        3
 Inner Flame              Hex/Fire       0%           100%        3
 Sticky Flame             Conj/Fire      0%           100%        4
 Fireball                 Conj/Fire      0%           100%        5


Dungeon Overview and Level Annotations

Branches:
Dungeon (8/15)             Temple (0/1) D:4           Sewer (visited)
   Lair: D:8-11

Altars:
Makhleb
Nemelex Xobeh
Qazlal
Sif Muna
Vehumet


Innate Abilities, Weirdness & Mutations

You thrive by killing the living.
You are immune to poison.
You have sharp fingernails.
Your flesh is cold resistant. (rC+)
You are immune to negative energy. (rN+++)
You do not regenerate when monsters are visible.
You are immune to unholy pain and torment.
You can survive without breathing.


Message History

The killer bee stings you but does no damage.
The killer bee barely misses you.
You barely miss the killer bee.
The killer bee is moderately wounded.
The killer bee stings you but does no damage. x2
You miss the killer bee.
The killer bee is moderately wounded.
The killer bee stings you.
* * * LOW HITPOINT WARNING * * *
The killer bee stings you but does no damage.
You closely miss the killer bee.
The killer bee is moderately wounded.
The killer bee stings you.
* * * LOW HITPOINT WARNING * * *
The killer bee stings you but does no damage.
You miss the killer bee.
The killer bee is moderately wounded.
The killer bee stings you but does no damage.
The killer bee stings you.
You die...

........##..####.....#...###
.........#...#.......#......
..........)..........#.##..)
.#..####.......##....#..##..
#..##.#......###...#.......
#.........(........##......
#.......)<.>.).....#....$.
#.......[..####...#.......
#........#@######..#...###.
..........#y#...#.....### .
........##.yy........##
.........#...........##
..........#.....>.......# ##
.......(.................#
O.##......................#...
....#........####....##.##...
#.$.#........# ...### .# ##


You could see 3 killer bees.

Vanquished Creatures
  Menkaure (D:5)
  2 orc warriors
  3 sky beasts
  An ice beast (D:5)
  A phantom (D:4)
  3 ogres
  2 centaurs (D:6)
  A bullfrog (D:5)
  3 scorpions
  4 wights (D:7)
  A bullfrog zombie (D:5)
  2 jellies
  2 orc priests
  5 orc wizards
  7 hounds
  Jessica (D:3)
  A bullfrog skeleton (D:5)
  A centaur skeleton (D:7)
  7 worker ants
  A worker ant zombie (D:5)
  4 gnolls
  13 adders
  A shadow imp (D:7)
  5 white imps
  3 ufetubi
  An ooze (D:2)
  2 adder skeletons
  4 worms
  2 dart slugs (D:2)
  2 leopard geckos (D:2)
  21 orcs
  A ball python (Sewer)
  7 bats
  8 giant cockroaches
  6 hobgoblins
  15 jackals
  6 quokkas
  10 frilled lizards
  3 goblins
  A jackal skeleton (D:6)
  9 kobolds
  A leopard gecko skeleton (D:5)
  A leopard gecko zombie (D:5)
  2 quokka skeletons
  A quokka zombie (D:5)
  7 rats
185 creatures vanquished.

Vanquished Creatures (others)
  17 plants
17 creatures vanquished.

Grand Total: 202 creatures vanquished

Notes
Turn   | Place    | Note
-------+----------+-------------------------------------------
     0 | D:1      | Borgoz the Ghoul Gladiator began the quest for the Orb.
     0 | D:1      | Reached XP level 1. HP: 17/17 MP: 0/0
   410 | D:1      | Reached XP level 2. HP: 25/25 MP: 1/1
   711 | D:2      | Found a sparkling altar of Nemelex Xobeh.
   887 | D:2      | Reached skill level 3 in Maces & Flails
   887 | D:2      | Reached skill level 1 in Armour
   887 | D:2      | Reached XP level 3. HP: 14/30 MP: 2/2
  1886 | D:3      | Reached XP level 4. HP: 38/38 MP: 3/3
  1913 | D:3      | HP: 1/38 [orc/+0 whip (4)]
  2098 | D:3      | Noticed Jessica
  2138 | D:3      | Killed Jessica
  2139 | D:3      | Reached XP level 5. HP: 26/45 MP: 4/4
  2296 | D:3      | Found a stormy altar of Qazlal.
  2701 | D:3      | Found a shimmering blue altar of Sif Muna.
  2860 | D:4      | Found a glowing drain.
  2896 | D:4      | Reached XP level 6. HP: 52/52 MP: 5/5
  2920 | D:4      | Found a staircase to the Ecumenical Temple.
  2926 | Sewer    | Entered a sewer
  3856 | D:4      | Reached skill level 4 in Maces & Flails
  3951 | D:4      | Noticed a phantom
  4012 | D:4      | Killed a phantom
  4013 | D:4      | Reached XP level 7. HP: 17/60 MP: 6/6
  4655 | D:4      | Found a burning altar of Makhleb.
  4787 | D:5      | Entered Level 5 of the Dungeon
  4907 | D:5      | Found a radiant altar of Vehumet.
  4934 | D:5      | Reached skill level 5 in Fighting
  5132 | D:5      | Noticed Menkaure
  5144 | D:5      | Killed Menkaure
  5145 | D:5      | Reached skill level 5 in Maces & Flails
  5146 | D:5      | Reached XP level 8. HP: 30/68 MP: 7/7
  6201 | D:6      | Reached skill level 5 in Dodging
  6347 | D:6      | Reached skill level 6 in Maces & Flails
  6733 | D:6      | HP: 3/70 [orc warrior/+0 short sword (2)]
  6982 | D:6      | Reached XP level 9. HP: 60/75 MP: 8/8
  7070 | D:6      | You fall into a shaft and drop 2 floors!
  7452 | D:7      | Reached skill level 7 in Maces & Flails
  7555 | D:7      | Reached skill level 5 in Armour
  8043 | D:6      | Slain by a killer bee

Illustrated notes

Levels and vault maps discovered:
D:1:      minmay_arrival_plants_in_alcoves, layout_loops_ring
D:2:      layout_basic, nemelex_lonely_heart_becter
D:3:      layout_basic, general_overflow_altar, grunt_qazlal_sundering,
          uniq_jessica
D:4:      layout_rooms, kennysheep_little_box, minmay_temple_entry_sparse_star,
          gup_sewer_entry_glass, minmay_between
D:5:      layout_cave_pods, vehumet_altar_wand_db, serial_bayou_pond_b,
          uniq_menkaure
D:6:      layout_cave_pools
D:7:      layout_gridville, serial_shops, shop_fountains, kennysheep_dice
D:8:      layout_basic

Skill      XL: |  1  2  3  4  5  6  7  8  9 |
---------------+----------------------------+-----
Maces & Flails | 3 4 5 6 7 |  7.4
Armour         | 1 2 3 4 5 |  5.2
Dodging        | 3 4 5 6 |  6.1
Fighting       | 3 4 5 6 |  6.9
Throwing       | |  1.7

Action                   |  1- 3 |  4- 6 |  7- 9 || total
-------------------------+-------+-------+-------++-------
Melee: Flail             |   106 |   320 |   547 ||   973
Throw: Throwing net      |       |       |     5 ||     5
  Use: Potion            |     1 |     3 |    10 ||    14
       Scroll            |       |     4 |     8 ||    12
 Stab: Sleeping          |       |       |     2 ||     2
       Held in net/web   |       |       |     1 ||     1
Armor: Ring mail         |    44 |   139 |   134 ||   317
       Leather armour    |     1 |       |       ||     1
       Plate armour      |       |       |   265 ||   265
Dodge: Dodged            |    64 |   224 |   414 ||   702
